 Dungeon Crawl Stone Soup version 0.29-a0-555-g3b24f45cc1 (console) character file.

Game seed: 13112539677935147358

133 om the Magician (level 5, -1/35 HPs)
             Began as a Djinni Venom Mage on June 7, 2022.
             Slain by an orc wizard
             ... wielding a +0 dagger
              (2 damage)
             ... on level 3 of the Dungeon.
             The game lasted 00:04:10 (1866 turns).

om the Magician (Djinni Venom Mage)                 Turns: 1866, Time: 00:04:11

Health: -1/35      AC:  2    Str:  9    XL:     5   Next: 40%
Gold:   96         EV: 12    Int: 16    God:
                   SH:  0    Dex: 14

rFire   + + .      SeeInvis .   c - +0 whip
rCold   x . .      Faith    .   (no shield)
rNeg    . . .      Spirit   .   a - +0 robe
rPois   ∞          Reflect  .   (no helmet)
rElec   .          Harm     .   (no cloak)
rCorr   .          Rampage  .   (no gloves)
Will    .....                   (boots unavailable)
Stlth   ++........              (no amulet)
HPRegen 0.11/turn               (no ring)
MPRegen 0.00/turn               (no ring)

@: attractive, flying
A: sickness immunity, fire resistance 2, cold vulnerability 1, float, innate
caster, HP casting, extra vitality 1
a: no special abilities


You were on level 3 of the Dungeon.
You visited 1 branch of the dungeon, and saw 4 of its levels.

You collected 96 gold pieces.

Inventory:

Hand Weapons
 c - a +0 whip (weapon)
Armour
 a - a +0 robe (worn)
Wands
 g - a wand of polymorph (10)
Potions
 b - a potion of attraction
 d - a potion of degeneration {unknown}
 e - 2 potions of heal wounds {unknown}
 f - 2 potions of berserk rage


   Skills:
 + Level 0.2 Fighting
 + Level 0.3 Maces & Flails
 + Level 2.5 Dodging
 + Level 1.9 Stealth
 * Level 4.1 Spellcasting


You couldn't memorise any spells.
You knew the following spells:

 Your Spells              Type           Power      Damage    Failure   Level
a - Sting                 Tmut/Pois      64%        1d6       3%          1
b - Poisonous Vapours     Pois/Air       32%        N/A       4%          2
c - Mephitic Cloud        Conj/Pois/Air  16%        N/A       9%          3
d - Olgreb's Toxic Radia  Pois           16%        N/A       30%         4
e - Magic Dart            Conj           64%        1d6       3%          1
f - Passwall              Tmut/Erth      13%        N/A       4%          2
Your spell library was empty.

Dungeon Overview and Level Annotations

Branches:
Dungeon (4/15)
 Temple: D:4-7

Altars:
Sif Muna


Innate Abilities, Weirdness & Mutations

You are immune to sickness and miasma.
You are immune to poison.
Your flesh is very heat resistant. (rF++)
You are vulnerable to cold. (rC-)
You float through the air rather than walking.
You learn spells naturally, not from books.
Your magical power is your life essence.
You have superior vitality. (+4 MHP)


Message History

There is a stone staircase leading down here.
Aiming: Sting (safe; 3% risk of failure)
Press: ? - help, Q - select action, (/) - cycle Shift-Dir - straight line, f - orc
Aim: an orc, wielding a +0 whip (74% to hit)
The sting hits the orc.
The orc is poisoned.
The orc is heavily wounded.
You kill the orc!
Something hits you.
Items here: )) [ †.
Aiming: Sting (safe; 3% risk of failure)
Press: ? - help, Q - select action, (/) - cycle Shift-Dir - straight line, f - orc
Aim: an orc, wielding a +0 club and quivering boomerangs (moderately wounded, 74% to hit)
The sting hits the orc.
The orc is poisoned.
The orc is moderately wounded.
Something hits you.
You barely miss something. The orc hits you with a +0 club.
You hear some strange, mumbled words.
You are confused.
You're too confused to cast spells.
Unknown command.
You hit something. The orc closely misses you.
Something hits you but does no damage.
You closely miss the orc.
The orc is almost dead.
The orc looks more healthy.
The orc hits you with a +0 club. Something hits you.
You bump into the rock wall.
The orc hits you but does no damage. Something hits you but does no damage.
You hit something. The orc hits you with a +0 club.
* * * LOW HITPOINT WARNING * * *
Something hits you but does no damage.
You bump into the rock wall.
The orc hits you with a +0 club.
* * * LOW HITPOINT WARNING * * *
Something hits you.
* * * LOW HITPOINT WARNING * * *
It was a potion of attraction.
You feel attractive to monsters.
You feel less confused. The orc barely misses you. Something hits you.
* * * LOW HITPOINT WARNING * * *
You closely miss something. The orc hits you with a +0 club.
* * * LOW HITPOINT WARNING * * *
Something hits you.
You die...

#......#
#......#...... .
#..)...#.#.#. #
.#..............
........#..<#..#
#.....#......#
#.##.#.#....#
#..#.#.......
#........####
#########:.#o_.#.....
.........>.@{........
##############.......
....... ....$..
...oo.. ...?...
....... .......


You could see an orc.

Vanquished Creatures
  A scorpion (D:4)
  An orc priest (D:3)
  An adder (D:4)
  A dart slug (D:4)
  An orc (D:3)
  4 bats
  2 endoplasms (D:1)
  3 giant cockroaches
  A goblin (D:4)
  5 hobgoblins
  2 ball pythons (D:1)
  4 frilled lizards
  2 kobolds
  4 rats (D:1)
32 creatures vanquished.

Notes
Turn   | Place    | Note
-------+----------+-------------------------------------------
     0 | D:1      | om the Djinni Venom Mage began the quest for the Orb.
     0 | D:1      | Reached XP level 1. HP: 15/15 MP: 0/0
   244 | D:1      | Reached XP level 2. HP: 19/21 MP: 0/0
   503 | D:1      | Found a faded altar of an unknown god.
   754 | D:1      | Reached skill level 3 in Spellcasting
  1143 | D:2      | Reached XP level 3. HP: 24/25 MP: 0/0
  1143 | D:2      | Learned a level 1 spell: Magic Dart
  1205 | D:2      | You are sucked into a shaft and drop 2 floors!
  1220 | D:4      | Noticed a scorpion
  1460 | D:4      | Killed a scorpion
  1461 | D:4      | Reached XP level 4. HP: 18/31 MP: 0/0
  1472 | D:4      | Reached XP level 5. HP: 19/35 MP: 0/0
  1472 | D:4      | Learned a level 2 spell: Passwall
  1675 | D:3      | Reached skill level 4 in Spellcasting
  1866 | D:3      | HP: 1/35 [orc/+0 club (3)]
  1866 | D:3      | Slain by an orc wizard

Illustrated notes

Levels and vault maps discovered:
D:1:      arrival_zaba_pyramid, layout_loops_ring,
          ebering_ecumenical_altar_sacrificial
D:2:      layout_basic, uniq_crazy_yiuf_cottage
D:3:      kennysheep_the_goblin_king, layout_basic,
          mainiacjoe_overflow_tiny_flanked, serial_bayou_pond_c,
          corexii_hall_statues_s, feat_on_display
D:4:      layout_basic, bloody_makhleb, nicolae_wu_jian_immortal_techniques,
          nicolae_overflow_crystal_walls, serial_corexii_hall,
          chequers_hall_statues_wall_a, corexii_hall_statues_t

Skill      XL: |  1  2  3  4  5 |
---------------+----------------+-----
Spellcasting   | 3 4 |  4.1
Fighting       | |  0.2
Maces & Flails | |  0.3
Dodging        | |  2.5
Stealth        | |  1.9

Action                   |  1- 3 |  4- 6 || total
-------------------------+-------+-------++-------
Melee: Whip              |    19 |    11 ||    30
 Cast: Sting             |    37 |     6 ||    43
       Poisonous Vapours |     1 |     6 ||     7
       Mephitic Cloud    |     1 |       ||     1
  Use: Scroll            |     4 |       ||     4
       Potion            |       |     1 ||     1
Armor: Robe              |     6 |     4 ||    10
Dodge: Dodged            |    20 |     6 ||    26

Table legend: (Time is in decaauts)
 A = Elapsed time spent in this place.
 B = Non-inter-level travel time spent in this place.
 C = Inter-level travel time spent in this place.
 D = Time resting spent in this place.
 E = Time spent auto-exploring this place.
 F = Levels seen in this place.
 G = Mean time per level.
                   A        B        C        D        E       F      G
               +--------+--------+--------+--------+--------+-----+--------+
         Total |   1867 |   1774 |     93 |    304 |   1102 |   4 |  466.8 |
       Dungeon |   1867 |   1774 |     93 |    304 |   1102 |   4 |  466.8 |
               +--------+--------+--------+--------+--------+-----+--------+

Top non-repeatable levels by time:
     D:1: 945 daAuts
     D:3: 379 daAuts
     D:4: 282 daAuts
     D:2: 260 daAuts
